 Dungeon Crawl Stone Soup version 0.18.0-2-g198d6d4 (webtiles) character file.

245683 Ladykiller69 the Severer (level 21, -17/158 HPs)
             Began as a Formicid Fighter on May 5, 2016.
             Was the Champion of Cheibriados.
             Killed from afar by a greater naga (20 damage)
             ... with a poison arrow
             ... on level 4 of the Snake Pit.
             The game lasted 02:42:38 (28023 turns).

Ladykiller69 the Severer (Formicid Fighter)        Turns: 28023, Time: 02:42:40

Health: -17/158    AC: 28    Str: 50    XL:     21   Next: 15%
Magic:  27/29      EV: 16    Int: 25    God:    Cheibriados [******]
Gold:   2814       SH: 20    Dex: 25    Spells: 2 memorised, 18 levels left

rFire  + . .     SeeInvis +     g - +3 battleaxe (venom)
rCold  x . .     Gourm    .     b - +10 plate armour {ponderous}
rNeg   . . .     Faith    .     t - +2 shield {rPois}
rPois  .         Spirit   .     (helmet unavailable)
rElec  .         Dismiss  .     (no cloak)
rCorr  .         Reflect  .     C - +0 pair of gloves
SustAt .         Harm     .     i - +0 pair of boots
MR     ++...                    r - amulet of regeneration
Stlth  ..........               n - +6 ring of strength
                                O - ring of fire

@: lethally poisoned (-17 -> -46), poison vulnerable, constricted, very slow,
very resistant to hostile enchantments, extremely unstealthy
A: permanent stasis, dig shafts and tunnels, four strong arms, antennae 3, low
mp 1
a: Dig, Shaft Self, Bend Time, Temporal Distortion, Slouch, Step From Time,
Renounce Religion


You were on level 4 of the Snake Pit.
You worshipped Cheibriados.
Cheibriados was exalted by your worship.
You were very hungry.

You visited 7 branches of the dungeon, and saw 35 of its levels.
You also visited: Labyrinth.

You collected 3056 gold pieces.
You spent 242 gold pieces at shops.

Inventory:

Hand Weapons
 g - a +3 battleaxe of venom (weapon)
 u - a +1 dire flail of draining
Missiles
 o - 13 javelins
 q - 26 tomahawks (quivered)
 y - 4 javelins of returning
 B - 8 poisoned javelins
 G - 7 tomahawks of dispersal
 J - 4 throwing nets
 W - 18 poisoned tomahawks
Armour
 b - a +10 plate armour of ponderousness (worn)
 i - a +0 pair of boots (worn)
 t - a +2 shield of poison resistance (worn)
 C - a +0 pair of gloves (worn)
 K - a +1 large shield
 Y - a +1 plate armour of fire resistance
Jewellery
 n - a +6 ring of strength (right hand)
 r - an amulet of regeneration (around neck)
 O - a ring of fire (left hand)
 S - an uncursed ring of wizardry
 U - an uncursed ring of protection from magic
 V - an uncursed amulet of dismissal
Wands
 c - a wand of heal wounds (3/9)
 R - a wand of disintegration (6/24)
Scrolls
 h - 12 scrolls of identify
 k - 5 scrolls of magic mapping
 l - 17 scrolls of remove curse
 p - 4 scrolls of amnesia
 v - 4 scrolls of fog
 A - 5 scrolls of recharging
 N - 2 scrolls of fear
 Q - 2 scrolls of enchant weapon
 T - 3 scrolls of silence
 X - 5 scrolls of enchant armour
Potions
 d - 3 potions of might
 e - 2 potions of agility
 j - 5 potions of curing
 m - 2 potions of invisibility
 s - 4 potions of resistance
 x - 7 potions of brilliance
 z - 4 potions of flight
 D - 4 potions of cancellation
 E - a potion of magic
 I - a potion of cure mutation
 P - 4 potions of lignification
 Z - 6 potions of heal wounds
Books
 H - a book of Party Tricks

   Spells                             Type                      Level
   a - Summon Butterflies             Summoning                    1
   b - Apportation                    Translocation                1
   c - Tukima's Dance                 Hexes                        3
   d - Alistair's Intoxication        Transmutation/Poison         5
   e - Invisibility                   Hexes                        6
Miscellaneous
 w - a sack of spiders
Comestibles
 f - 19 bread rations
 F - 10 meat rations
 L - 2 fruits


   Skills:
 + Level 11.8 Fighting
 * Level 20.8 Axes
 + Level 10.0 Throwing
 + Level 12.0 Armour
 + Level 9.6 Dodging
 - Level 15.0 Shields
 * Level 15.9 Invocations


You had 18 spell levels left.
You knew the following spells:

 Your Spells              Type           Power        Failure   Level  Hunger
a - Apportation           Tloc           #.........   43%         1    ##.....
b - Summon Butterflies    Summ           #.......     43%         1    ##.....


Dungeon Overview and Level Annotations

Branches:
Dungeon (15/15)            Temple (1/1) D:4            Lair (8/8) D:9
  Swamp (0/4) Lair:4        Snake (4/4) Lair:4        Slime (0/6) Lair:6
    Orc (2/2) D:9             Elf (3/3) Orc:2        Vaults (0/5) D:13
 Depths (2/5) D:15

Altars:
Ashenzari
Cheibriados
Dithmenos
Elyvilon
Fedhas
Gozag
Kikubaaqudgha
Makhleb
Nemelex Xobeh
Okawaru
Pakellas
Qazlal
Ru
Trog
Yredelemnul
Zin
The Shining One
Beogh
Jiyva

Shops:
Orc:2 [(*:   Elf:1 }   Snake:1 ?   Snake:3 (   Depths:1 *

Portals:
Hell: Depths:1
Trove: D:12 (give 19 potions of curing)

Annotations:
Snake:4 Vashnia
Orc:2 SORCERER!


Innate Abilities, Weirdness & Mutations

You are under a permanent stasis effect.
You can dig through walls and to a lower floor.
Your four strong arms can wield two-handed weapons with a shield.
You have a pair of large antennae on your head (SInv).
Your magical capacity is low (-10% MP).


Message History

The splash of poison hits you!
You are more poisoned.
You block the naga's attack.
The naga sharpshooter shoots an arrow.
The arrow hits you but does no damage.
The naga sharpshooter mumbles some strange words.
The naga sharpshooter magically shoots a bolt.
The bolt barely misses you.
A naga ritualist comes into view. It is wielding a scimitar of venom.
Drink which item? (? for menu, Esc to quit)
Magic courses through your body.
You feel sick.
You kill the naga sharpshooter!
Cheibriados thoroughly appreciates the change of pace.
* * * LOW HITPOINT WARNING * * *
You are more poisoned.
* * * LOW HITPOINT WARNING * * *
You are more poisoned.
The greater naga gestures at you while chanting.
The poison arrow hits you!
You are more poisoned.
You die...

{
.##.............#
#.[##.
..##...{....{...#
#.### {
...##............
.#
.N..##...#######.#
.. ...N.##.{# {
#.NS##{######
#NNN##N(...## {
#NNN#N.....#
##NN@NN......
#.SNNN.....#
#.NN#N......# {
#NNN##.......#
#N..# ........#
..N.# .......##
...# .......# ..#
.......


You could see 2 naga warriors, 3 greater nagas, 3 naga sharpshooters, 3 naga
ritualists, a guardian serpent, a black mamba, a naga mage and 14 nagas.

Vanquished Creatures
  Rupert (D:14)
  A deep elf blademaster (Elf:2)
  Agnes (Snake:2)
  A greater naga (Snake:1)
  Wiglaf (Elf:2)
  Louise (D:15)
  3 orc warlords (Orc:2)
  Aizul (Snake:2)
  The ghost of F1L1N the Nimble, a journeyman TrBe of Trog (Lair:5)
  2 spriggan defenders (Depths:1)
  Azrael (Snake:2)
  A deep elf demonologist (Elf:2)
  2 fire dragons (Depths:1)
  An ettin (Depths:1)
  2 yaktaur captains
  A deep elf death mage (Elf:2)
  A minotaur (Lab)
  A deep elf high priest (Elf:2)
  Erolcha (D:9)
  A vault guard (D:13)
  A great orb of eyes (Depths:1)
  3 hydras
  2 death knights
  13 naga warriors
  4 catoblepae (Lair:8)
  2 entropy weavers (Depths:1)
  11 anacondas
  5 centaur warriors
  2 deep troll shamans (Depths:1)
  23 dancing weapons
  2 ogre magi
  2 tengu warriors (D:13)
  An alligator (Lair:4)
  13 death yaks
  An orc high priest (Orc:2)
  2 deep troll earth magi (Depths:1)
  5 shock serpents
  Urug (Lair:1)
  7 naga sharpshooters
  The ghost of Lovchig the Blocker, a novice MiFi of Nemelex Xobeh (D:10)
  18 deep elf knights
  6 iron trolls (Depths:1)
  4 salamander mystics
  11 deep trolls (Depths:1)
  8 hill giants
  2 sea snakes (Snake:4)
  An unseen horror (D:10)
  2 wizards
  6 orc knights
  16 deep elf archers
  7 naga ritualists
  2 necromancers (D:13)
  9 mana vipers
  8 orc sorcerers
  8 ugly things (Depths:1)
  2 griffons
  A manticore (D:14)
  47 deep elf magi
  5 cyclopes
  15 salamanders
  4 guardian serpents
  15 elephants
  A centaur zombie (D:13)
  37 black mambas
  17 naga magi
  A torpor snail (Lair:6)
  A smoke demon (Depths:1)
  2 gargoyles
  12 spiny frogs
  An efreet (D:14)
  8 komodo dragons
  The ghost of Heskey the Skirmisher, a novice GrFi of Qazlal (D:6)
  3 kobold demonologists (D:14)
  A rime drake (shapeshifter) (Elf:1)
  A freezing wraith (D:15)
  4 red devils (Depths:1)
  5 yaktaurs
  2 hellwings (Depths:1)
  2 tengu conjurers
  A polar bear (shapeshifter) (Depths:1)
  5 trolls
  6 polar bears (Lair:5)
  2 two-headed ogres
  Prince Ribbit (Lair:1)
  23 blink frogs
  2 boulder beetles
  12 slime creatures
  7 shadows
  3 redbacks
  3 wyverns
  3 vampires
  5 spriggans
  3 wraiths
  33 yaks
  20 humans
  2 water elementals (Elf:2)
  5 basilisks
  2 fire bats (Depths:1)
  6 hungry ghosts
  8 fire elementals
  11 hippogriffs
  4 vampire mosquitoes
  Grum (D:9)
  2 steam dragons
  Menkaure (D:4)
  3 wargs (Orc:2)
  A mottled dragon (D:14)
  7 insubstantial wisps (D:12)
  35 nagas
  2 hell hounds (Snake:2)
  A soldier ant (shapeshifter) (Elf:1)
  2 soldier ants
  20 porcupines
  13 water moccasins
  40 orc warriors
  3 ice beasts
  2 black bears
  4 sky beasts
  2 eyes of draining
  5 phantoms
  A necrophage (D:10)
  22 ogres
  A wasp (Depths:1)
  8 wolves
  13 centaurs
  14 crocodiles
  6 big kobolds
  Blork the orc (D:4)
  A gnoll sergeant (D:10)
  A wyvern zombie (D:9)
  25 giant frogs
  3 earth elementals (Elf:2)
  3 scorpions
  15 wights
  3 electric eels
  10 howler monkeys
  2 lava snakes (D:14)
  11 crimson imps
  2 quasits
  5 jellies
  3 giant frog skeletons
  18 orc priests
  6 hounds
  4 centaur skeletons
  12 hell rats
  14 iguanas
  39 orc wizards
  12 worker ants
  A killer bee zombie (D:5)
  13 sheep
  An ogre skeleton (Lab)
  A hound skeleton (D:6)
  A worker ant zombie (D:10)
  7 gnolls
  9 adders
  37 river rats
  4 shadow imps
  An ooze (D:6)
  2 adder zombies
  An adder skeleton (D:6)
  3 dart slugs
  7 giant geckos
  71 orcs
  6 ball pythons
  A giant cockroach (D:1)
  A goblin (D:1)
  5 hobgoblins
  14 jackals
  4 quokkas
  10 bats
  A giant gecko skeleton (D:5)
  8 giant newts
  28 kobolds
  A quokka skeleton (D:4)
  5 rats
  A bush (Lair:1)
  A fire vortex (Depths:1)
  6 fungi
  12 plants
1251 creatures vanquished.

Vanquished Creatures (others)
  A wyvern (D:12)
  2 ball lightnings (D:12)
  An orc (Orc:2)
  18 fungi
  30 plants
52 creatures vanquished.

Grand Total: 1303 creatures vanquished

Notes
Turn   | Place    | Note
--------------------------------------------------------------
     0 | D:1      | Ladykiller69 the Formicid Fighter began the quest for the Orb.
     0 | D:1      | Reached XP level 1. HP: 18/18 MP: 1/1
    47 | D:1      | Reached XP level 2. HP: 24/24 MP: 2/2
   190 | D:1      | Reached XP level 3. HP: 28/30 MP: 3/3
   655 | D:1      | Reached XP level 4. HP: 34/37 MP: 4/4
   721 | D:2      | Found a blossoming altar of Fedhas.
   742 | D:2      | Found a sparkling altar of Nemelex Xobeh.
   832 | D:2      | Found a shattered altar of Ashenzari.
   834 | D:2      | Found an ancient bone altar of Kikubaaqudgha.
   834 | D:2      | Found a stormy altar of Qazlal.
   834 | D:2      | Found a sacrificial altar of Ru.
   836 | D:2      | Found an oddly glowing altar of Pakellas.
   842 | D:2      | Found a glowing golden altar of the Shining One.
  1340 | D:3      | Reached skill level 3 in Axes
  1340 | D:3      | Reached XP level 5. HP: 33/42 MP: 5/5
  1447 | D:3      | Noticed a phantom
  1475 | D:3      | Reached skill level 5 in Shields
  1500 | D:3      | Killed a phantom
  1500 | D:3      | Reached XP level 6. HP: 14/48 MP: 6/6
  1783 | D:3      | Reached skill level 4 in Axes
  2000 | D:4      | Found a staircase to the Ecumenical Temple.
  2018 | Temple   | Entered the Ecumenical Temple
  2030 | Temple   | Became a worshipper of Cheibriados the Contemplative
  2056 | D:4      | Noticed an ogre
  2057 | D:4      | Noticed Menkaure
  2061 | D:4      | You fall through a shaft for 3 floors!
  2061 | D:7      | Noticed an ogre
  2068 | D:7      | Killed an ogre
  2113 | D:7      | Noticed an ice beast
  2137 | D:7      | Reached XP level 7. HP: 31/54 MP: 7/7
  2350 | D:6      | Reached skill level 5 in Axes
  2463 | D:7      | Noticed a wraith
  2481 | D:6      | You fall through a shaft!
  2523 | D:7      | Killed a wraith
  2702 | D:7      | Reached XP level 8. HP: 15/60 MP: 8/8
  2768 | D:7      | Reached * piety under Cheibriados
  2769 | D:7      | Reached skill level 6 in Axes
  3079 | D:6      | Found an oddly glowing altar of Pakellas.
  3092 | D:5      | Entered Level 5 of the Dungeon
  3214 | D:6      | Noticed Heskey's ghost (novice GrFi)
  3230 | D:6      | Killed Heskey's ghost
  3230 | D:6      | Reached skill level 7 in Axes
  3513 | D:6      | Reached XP level 9. HP: 65/65 MP: 9/9
  3713 | D:4      | Noticed Blork the orc
  3728 | D:4      | Killed Blork the orc
  3741 | D:4      | Found a burning altar of Makhleb.
  3748 | D:4      | Reached ** piety under Cheibriados
  3827 | D:4      | Reached skill level 10 in Shields
  3879 | D:4      | Reached skill level 8 in Axes
  3898 | D:4      | Killed Menkaure
  4159 | D:4      | Found a shadowy altar of Dithmenos.
  4231 | D:5      | Found an iron altar of Okawaru.
  4231 | D:5      | Found a bloodstained altar of Trog.
  4449 | D:5      | Reached skill level 9 in Axes
  4776 | D:5      | Reached *** piety under Cheibriados
  5081 | D:6      | You fall through a shaft for 3 floors!
  5425 | D:9      | Reached skill level 10 in Axes
  5477 | D:8      | Reached XP level 10. HP: 53/71 MP: 10/10
  6289 | D:8      | Reached **** piety under Cheibriados
  6445 | D:8      | Found a sparkling altar of Nemelex Xobeh.
  6475 | D:8      | Found a basalt altar of Yredelemnul.
  6527 | D:8      | Found a white marble altar of Elyvilon.
  6595 | D:8      | Found a stormy altar of Qazlal.
  6789 | D:8      | Reached skill level 11 in Axes
  7055 | D:9      | Noticed Grum
  7064 | D:9      | Killed Grum
  7276 | D:9      | Found a staircase to the Lair.
  7321 | D:9      | Reached ***** piety under Cheibriados
  7430 | D:9      | Noticed Erolcha
  7431 | D:9      | Found a staircase to the Orcish Mines.
  7439 | D:9      | Killed Erolcha
  7439 | D:9      | Reached skill level 12 in Axes
  7439 | D:9      | Reached XP level 11. HP: 77/77 MP: 11/11
  7456 | Orc:1    | Entered Level 1 of the Orcish Mines
  7480 | Orc:2    | Entered Level 2 of the Orcish Mines
  7492 | Orc:2    | Noticed an orc sorcerer
  7697 | Orc:2    | Found a bloodstained altar of Trog.
  7697 | Orc:2    | Noticed an orc sorcerer
  7697 | Orc:2    | Noticed an orc knight
  7905 | Orc:1    | Noticed an ogre mage
  7913 | Orc:1    | Reached skill level 13 in Axes
  7923 | Orc:1    | Killed an ogre mage
  8097 | Lair:1   | Entered Level 1 of the Lair of Beasts
  8259 | Lair:1   | Noticed Urug
  8267 | Lair:1   | Killed Urug
  8283 | Lair:1   | Noticed Prince Ribbit
  8288 | Lair:1   | Killed Prince Ribbit
  8868 | Lair:2   | Reached ****** piety under Cheibriados
  8874 | Lair:2   | Noticed a five-headed hydra
  8885 | Lair:2   | You fall through a shaft!
  9851 | Lair:1   | Reached skill level 14 in Axes
  9924 | Lair:1   | Reached XP level 12. HP: 83/83 MP: 12/12
  9992 | Lair:2   | Killed a five-headed hydra
 10528 | Lair:3   | Reached skill level 15 in Axes
 10966 | Lair:4   | Found a staircase to the Swamp.
 11318 | Lair:4   | Noticed a five-headed hydra
 11325 | Lair:4   | Killed a five-headed hydra
 11381 | Lair:4   | Found a staircase to the Snake Pit.
 11442 | Lair:4   | Noticed an alligator
 11444 | Lair:4   | Killed an alligator
 11547 | Lair:4   | Reached XP level 13. HP: 88/88 MP: 13/13
 11954 | Lair:5   | Reached skill level 16 in Axes
 12337 | Lair:5   | Noticed F1L1N's ghost (journeyman TrBe)
 12350 | Lair:5   | Killed F1L1N's ghost
 12372 | Lair:5   | Noticed an eight-headed hydra
 12377 | Lair:5   | Killed an eight-headed hydra
 12472 | Lair:6   | Found a staircase to the Slime Pits.
 12489 | Lair:6   | Reached skill level 15 in Shields
 12528 | Lair:6   | Reached skill level 1 in Invocations
 12605 | Lair:6   | Reached skill level 1 in Dodging
 12728 | Lair:6   | Reached skill level 17 in Axes
 12781 | Lair:6   | Found a viscous altar of Jiyva.
 12904 | Lair:6   | Reached XP level 14. HP: 76/96 MP: 16/16
 13029 | Lair:7   | Reached skill level 5 in Armour
 13077 | Lair:7   | Reached skill level 5 in Fighting
 13160 | Lair:7   | Reached skill level 1 in Throwing
 13476 | Lair:7   | Reached skill level 5 in Invocations
 13658 | Lair:8   | Entered Level 8 of the Lair of Beasts
 14802 | Lair:6   | Reached XP level 15. HP: 106/106 MP: 20/20
 15050 | D:10     | Entered Level 10 of the Dungeon
 15356 | Orc:2    | Noticed an orc warlord
 15466 | Orc:2    | Noticed an orc warlord
 15552 | Orc:2    | Killed an orc warlord
 15601 | Orc:2    | Found a staircase to the Elven Halls.
 15610 | Elf:1    | Entered Level 1 of the Elven Halls
 15666 | Orc:2    | Noticed an orc warlord
 15680 | Orc:2    | Killed an orc warlord
 15781 | Orc:2    | Killed an orc warlord
 16060 | Orc:2    | Found a roughly hewn altar of Beogh.
 16063 | Orc:2    | Found Fuseusoa's Antique Weapon Boutique.
 16074 | Orc:2    | Found Cifeuf Jepn's Book Boutique.
 16090 | Orc:2    | Found Quecutodgh's Antique Armour Boutique.
 16098 | Orc:2    | Bought a glowing shield for 121 gold pieces
 16098 | Orc:2    | Bought a glowing shield for 121 gold pieces
 16137 | Orc:2    | Found Ziediad's General Store.
 16254 | Elf:1    | Reached skill level 18 in Axes
 16254 | Elf:1    | Reached skill level 5 in Dodging
 16314 | Elf:1    | Gained mutation: Your magical capacity is low (-10% MP). [a neqoxec]
 16598 | Elf:1    | Found Isialaat's Gadget Emporium.
 17283 | Elf:1    | Reached skill level 5 in Throwing
 17603 | Elf:2    | Reached XP level 16. HP: 100/115 MP: 21/21
 17628 | Elf:2    | Reached skill level 10 in Invocations
 19005 | Elf:2    | Found a runed gate.
 19006 | Elf:2    | Found a runed gate.
 19036 | Elf:2    | Found a runed gate.
 19156 | Elf:2    | Noticed a deep elf blademaster
 19163 | Elf:2    | HP: 2/118 [deep elf mage/bolt of fire (27)]
 19171 | Elf:2    | Killed a deep elf blademaster
 19171 | Elf:2    | Reached XP level 17. HP: 21/124 MP: 18/23
 19845 | Elf:2    | Noticed Wiglaf
 19873 | Elf:2    | Killed Wiglaf
 20326 | Elf:3    | Entered Level 3 of the Elven Halls
 20847 | D:10     | Reached skill level 19 in Axes
 20993 | D:10     | Noticed Lovchig's ghost (novice MiFi)
 20999 | D:10     | Killed Lovchig's ghost
 21883 | D:12     | Found a portal to a secret trove of treasure.
 22130 | D:12     | Reached XP level 18. HP: 134/134 MP: 24/24
 22566 | D:13     | Reached skill level 10 in Armour
 22618 | D:13     | Found a gate to the Vaults.
 22829 | D:13     | Reached skill level 10 in Fighting
 23146 | D:14     | Found a labyrinth entrance.
 23152 | Lab      | Entered a labyrinth
 23186 | Lab      | Reached XP level 19. HP: 136/140 MP: 26/26
 23610 | D:14     | Noticed Rupert
 23613 | D:14     | You fall through a shaft!
 23613 | D:15     | Entered Level 15 of the Dungeon
 23990 | D:14     | Killed Rupert
 24187 | D:15     | Noticed Louise
 24201 | D:15     | Killed Louise
 24424 | D:15     | Found a staircase to the Depths.
 24644 | Depths:1 | Entered Level 1 of the Depths
 25040 | Depths:2 | Reached skill level 20 in Axes
 25157 | Depths:1 | Learned a level 1 spell: Apportation
 25159 | Depths:1 | Learned a level 1 spell: Summon Butterflies
 25245 | Depths:1 | Found a gateway to Hell.
 25455 | Depths:1 | Found Foymakh's Fabulous Fripperies.
 25595 | D:14     | Reached XP level 20. HP: 149/149 MP: 27/27
 25869 | Snake:1  | Entered Level 1 of the Snake Pit
 25900 | Snake:1  | Found Vanaag's Magic Scroll Shoppe.
 26435 | Snake:2  | Reached skill level 15 in Invocations
 26457 | Snake:2  | Noticed Aizul
 26477 | Snake:2  | Killed Aizul
 26675 | Snake:2  | Noticed Agnes
 26689 | Snake:2  | Killed Agnes
 26842 | Snake:2  | Noticed Azrael
 26854 | Snake:2  | Killed Azrael
 27669 | Snake:3  | Found Lioth's Antique Weapon Shoppe.
 27785 | Snake:4  | Entered Level 4 of the Snake Pit
 27951 | Snake:4  | Reached XP level 21. HP: 108/158 MP: 29/29
 27996 | Snake:4  | Noticed Vashnia
 28000 | Snake:4  | Reached skill level 10 in Throwing
 28020 | Snake:4  | HP: 5/158 [greater naga/flail (11)]
 28023 | Snake:4  | Killed from afar by a greater naga

Skill      XL: |  1  2  3  4  5  6  7  8  9 10 11 12 13 14 15 16 17 18 19 20 21 |
---------------+----------------------------------------------------------------+-----
Fighting       | 4 6 7 8 9 10 11 | 11.8
Armour         | 4 6 7 8 9 10 11 12 | 12.0
Shields        | 4 5 6 7 9 10 11 12 14 15 | 15.0
Axes           | 3 4 5 7 10 12 14 15 17 18 19 20 | 20.8
Invocations    | 3 7 9 11 12 13 14 15 | 15.9
Dodging        | 2 4 5 6 7 8 9 |  9.6
Throwing       | 3 5 6 7 8 9 10 | 10.0

Action                   |  1- 3 |  4- 6 |  7- 9 | 10-12 | 13-15 | 16-18 | 19-21 || total
-------------------------+-------+-------+-------+-------+-------+-------+-------++-------
Melee: War axe           |    82 |   148 |   175 |       |       |       |       ||   405
       Battleaxe         |       |       |   175 |   409 |   888 |   688 |   908 ||  3068
       Dire flail        |       |       |       |     7 |     3 |       |       ||    10
Throw: Javelin           |       |       |       |     3 |       |       |       ||     3
       Tomahawk          |       |       |       |       |       |     2 |       ||     2
Invok: Bend Time         |       |       |       |     3 |     1 |       |       ||     4
       Slouch            |       |       |       |       |     1 |     6 |     3 ||    10
       Step From Time    |       |       |       |       |     1 |     1 |     4 ||     6
 Abil: Dig               |     4 |     6 |    14 |    20 |    29 |    22 |    41 ||   136
       Shaft Self        |       |     1 |     2 |     1 |       |       |     1 ||     5
Evoke: Wand              |       |       |       |       |       |     1 |     7 ||     8
  Use: Potion            |       |     1 |     5 |     1 |     1 |     3 |     3 ||    14
       Scroll            |       |       |       |    10 |    15 |     5 |     1 ||    31
 Stab: Distracted        |       |       |       |       |     1 |       |       ||     1
  Eat: Chunk             |       |     6 |     8 |    15 |    12 |    14 |    15 ||    70
       Pizza             |       |       |     1 |       |       |       |       ||     1
       Beef jerky        |       |       |       |     2 |     1 |     1 |     1 ||     5
Armor: Scale mail        |    39 |    54 |    51 |       |       |       |       ||   144
       Skin              |       |       |     7 |       |       |       |       ||     7
       Plate armour      |       |       |    56 |    79 |   139 |   158 |   235 ||   667
Dodge: Dodged            |    34 |    43 |    86 |    48 |   138 |   177 |   359 ||   885
Block: Shield            |    43 |    87 |   189 |       |       |       |   546 ||   865
       Large shield      |       |       |       |   444 |   814 |   765 |   572 ||  2595
